 Dungeon Crawl Stone Soup version 0.22-a0-617-g6d95e9e (webtiles) character file.

2557 emperorscorpion the Slicer (level 9, -5/81 HPs)
             Began as a Naga Fighter on July 13, 2018.
             Was a Priest of Wu Jian.
             Slain by an eight-headed hydra (9 damage)
             ... on level 7 of the Dungeon.
             The game lasted 00:15:15 (6389 turns).

emperorscorpion the Slicer (Naga Fighter)           Turns: 6389, Time: 00:15:16

Health: -5/81      AC: 20    Str: 19    XL:     9   Next: 56%
Magic:  9/9        EV:  5    Int:  7    God:    Wu Jian [***...]
Gold:   381        SH: 11    Dex: 13    Spells: 8/8 levels left

rFire    . . .     SeeInvis +   a - +6 short sword (protect)
rCold    . . .     Gourm    .   c - +1 shield
rNeg     . . .     Faith    +   u - +0 scale mail
rPois    +         Spirit   .   (no helmet)
rElec    +         Reflect  .   t - +0 cloak
rCorr    .         Harm     .   (no gloves)
MR       +....                  D - +0 naga barding
Stlth    +.........             C - amulet of faith
HPRegen  0.23/turn              (no ring)
MPRegen  0.11/turn              (no ring)

@: exhausted, protection aura, very slow
A: large, see invisible, deformed body, dopey 1, poison resistance, electricity
resistance, slowness 2, slow metabolism 1, spit poison 1, AC +3
a: Spit Poison, Wall Jump, Serpent's Lash, Renounce Religion


You were on level 7 of the Dungeon.
You worshipped Wu Jian.
Wu Jian was most pleased with you.
You were not hungry.

You visited 1 branch of the dungeon, and saw 7 of its levels.

You collected 381 gold pieces.

Inventory:

Hand Weapons
 a - a +6 short sword of protection (weapon)
 b - a +0 rapier of venom
 e - a +0 rapier
 A - a +0 blowgun
Missiles
 k - 2 throwing nets (quivered)
 y - 32 poisoned needles
 H - 8 needles of sleeping
Armour
 c - a +1 shield (worn)
 t - a +0 cloak (worn)
 u - a +0 scale mail (worn)
 D - a +0 naga barding (worn)
Jewellery
 g - an uncursed amulet of magic regeneration
 C - an amulet of faith (around neck)
 J - an uncursed ring of ice {unknown}
Wands
 r - a wand of polymorph (14)
Scrolls
 h - 4 scrolls of remove curse
 j - a scroll of enchant weapon
 l - 2 scrolls of amnesia
 p - 2 scrolls of immolation
 v - 2 scrolls of enchant armour
 E - 2 scrolls of identify
 F - a scroll of silence {unknown}
 I - a scroll of blinking {unknown}
 K - 2 scrolls of teleportation
Potions
 d - 2 potions of might
 i - 2 potions of haste
 m - a potion of brilliance
 n - a potion of resistance
 o - a potion of degeneration
 s - 2 potions of ambrosia
 w - 2 potions of invisibility
 x - a potion of flight
 z - 3 potions of curing
 B - 2 potions of agility
 G - 2 potions of lignification
Comestibles
 f - 23 rations


   Skills:
 + Level 5.2 Fighting
 + Level 8.4 Short Blades
 + Level 4.6 Armour
 + Level 2.5 Dodging
 + Level 3.1 Stealth
 + Level 5.6 Shields


You had 8 spell levels left.
You didn't know any spells.
Your spell library was empty.

Dungeon Overview and Level Annotations

Branches:
Dungeon (7/15)             Temple (0/1) D:6

Altars:
Cheibriados
Trog
Vehumet
Wu Jian
Yredelemnul
Zin

Annotations:
D:7 1 runed door, exclusion: statue, WinstonMain's ghost, novice DsAK


Innate Abilities, Weirdness & Mutations

You cannot wear boots.
Your serpentine skin is tough. (AC +3)
You have supernaturally acute eyesight. (SInv)
Armour fits poorly on your strangely shaped body.
Your system is resistant to poisons. (rPois)
You cover ground very slowly.
You have a slow metabolism.
You can spit poison.
You are dopey. (Int -2)
You are resistant to electric shocks. (rElec)


Message History

The eight-headed hydra bites you but does no damage. x3
You block the eight-headed hydra's attack.
The eight-headed hydra bites you but does no damage.
The eight-headed hydra bites you.
* * * LOW HITPOINT WARNING * * *
The eight-headed hydra bites you but does no damage.
The eight-headed hydra bites you!
* * * LOW HITPOINT WARNING * * *
You spin and attack the eight-headed hydra repeatedly.
You completely miss the eight-headed hydra.
The eight-headed hydra is almost dead.
You hit the eight-headed hydra.
The eight-headed hydra is almost dead.
You hit the eight-headed hydra.
The eight-headed hydra is almost dead.
You block the eight-headed hydra's attack.
The eight-headed hydra bites you but does no damage.
You block the eight-headed hydra's attack.
The eight-headed hydra bites you!
You die...

.....#########.##...
.......... ###..#.......
.# .### #.######...
##....._.8.#.##.#.
........... #..#.......
..... ...........
#..#########.##.# #
#.#####.#..
#...............#.#
#.#..
#.#####....###..#.#
###.#.. ###.#
##..........# #......
....# #......@D# #.#.##.
##### #........# #.#.##.
#..####..#.### #.#.##.
#.............. #.#.##.
#.################.#.##.
#................>.#<...
########################
#......... #.########


You could see an eight-headed hydra (pinned).

Vanquished Creatures
  An ugly thing (D:7)
  Eustachio (D:4)
  A black bear (D:7)
  5 ogres
  2 centaurs (D:7)
  4 bullfrogs
  Blork the orc (D:4)
  3 scorpions
  2 howler monkeys (D:6)
  A crimson imp (D:6)
  A bullfrog zombie (D:6)
  6 hounds
  A quasit (D:6)
  A centaur skeleton (D:5)
  3 jellies
  2 orc wizards
  An iguana (D:4)
  5 worker ants
  3 adders
  A shadow imp (D:7)
  An ooze (D:4)
  3 adder skeletons
  4 worms
  3 dart slugs
  3 leopard geckos
  8 orcs
  3 bats (D:2)
  16 giant cockroaches
  2 gnoll zombies (D:2)
  5 goblins
  11 hobgoblins
  8 jackals
  5 quokkas
  A ball python (D:3)
  5 frilled lizards
  A giant cockroach zombie (D:6)
  A jackal skeleton (D:4)
  3 kobolds
  A quokka skeleton (D:4)
  7 rats
136 creatures vanquished.

Vanquished Creatures (others)
  4 toadstools (D:1)
4 creatures vanquished.

Grand Total: 140 creatures vanquished

Notes
Turn   | Place    | Note
-------+----------+-------------------------------------------
     0 | D:1      | emperorscorpion the Naga Fighter began the quest for the Orb.
     0 | D:1      | Reached XP level 1. HP: 21/21 MP: 1/1
   168 | D:1      | Reached XP level 2. HP: 24/28 MP: 2/2
   954 | D:2      | Found an ornate altar of the Wu Jian Council.
   960 | D:2      | Reached XP level 3. HP: 33/34 MP: 3/3
   968 | D:2      | Became a worshipper of the Wu Jian Council
   978 | D:2      | Found a bloodstained altar of Trog.
  1095 | D:2      | Found a basalt altar of Yredelemnul.
  1543 | D:2      | Reached XP level 4. HP: 42/42 MP: 4/4
  1886 | D:3      | Reached * piety under Wu Jian
  2006 | D:3      | Reached skill level 3 in Short Blades
  2006 | D:3      | Reached skill level 1 in Dodging
  2006 | D:3      | Reached XP level 5. HP: 47/49 MP: 5/5
  2459 | D:4      | Noticed Eustachio
  2505 | D:4      | Killed Eustachio
  2505 | D:4      | Reached skill level 4 in Short Blades
  2505 | D:4      | Reached XP level 6. HP: 12/56 MP: 6/6
  2764 | D:4      | Noticed Blork the orc
  2776 | D:4      | Killed Blork the orc
  2776 | D:4      | Reached skill level 1 in Stealth
  2861 | D:4      | Reached ** piety under Wu Jian
  2877 | D:4      | Reached XP level 7. HP: 63/63 MP: 7/7
  2950 | D:4      | Reached skill level 5 in Short Blades
  2976 | D:4      | Found a snail-covered altar of Cheibriados.
  3474 | D:5      | Entered Level 5 of the Dungeon
  3905 | D:5      | Found a glowing silver altar of Zin.
  3915 | D:5      | Reached XP level 8. HP: 69/72 MP: 8/8
  4257 | D:6      | Reached skill level 6 in Short Blades
  4831 | D:6      | Reached *** piety under Wu Jian
  5024 | D:6      | Found a staircase to the Ecumenical Temple.
  5126 | D:7      | Reached skill level 7 in Short Blades
  5168 | D:7      | Found a runed door.
  5168 | D:7      | Noticed WinstonMain's ghost (novice DsAK)
  5191 | D:7      | Reached skill level 5 in Shields
  5276 | D:7      | Found a radiant altar of Vehumet.
  5450 | D:7      | Reached XP level 9. HP: 74/79 MP: 9/9
  5501 | D:7      | Gained mutation: You are dopey. (Int -2) [potion of mutation]
  5501 | D:7      | Gained mutation: You are resistant to electric shocks. (rElec) [potion of mutation]
  5501 | D:7      | HP: 4/118 [shadow imp (3)]
  5850 | D:7      | Noticed a brown ugly thing
  5856 | D:7      | Killed a brown ugly thing
  5856 | D:7      | Reached skill level 8 in Short Blades
  6093 | D:7      | Reached skill level 5 in Fighting
  6382 | D:7      | Noticed an eight-headed hydra
  6388 | D:7      | HP: 4/81 [eight-headed hydra (8)]
  6389 | D:7      | Slain by an eight-headed hydra

Vault maps used:
D:1:      ldierk_walled_garden_2
D:2:      minmay_roachtagon, lemuel_zombie_altar_yredelemnul,
          amethyst_overflow_temple_binary, minmay_quantized
D:3:      first_ration
D:4:      kennysheep_slug_shrine, uniq_blork_the_orc, uniq_eustachio
D:5:      basic_altar
D:6:      minmay_temple_entry_fiery, minmay_misc_feat_room, grunt_decor_cap
D:7:      vehumet_statue, gammafunk_ghost_grave, grunt_ogre_cave

Skill      XL: |  1  2  3  4  5  6  7  8  9 |
---------------+----------------------------+-----
Shields        | 3 4 5 |  5.6
Short Blades   | 3 4 5 7 8 |  8.4
Dodging        | 1 2 |  2.5
Armour         | 3 4 |  4.6
Stealth        | 1 2 3 |  3.1
Fighting       | 4 5 |  5.2

Action                   |  1- 3 |  4- 6 |  7- 9 || total
-------------------------+-------+-------+-------++-------
Melee: Short sword       |   109 |   174 |   363 ||   646
       Rapier            |     5 |       |       ||     5
Throw: Throwing net      |       |       |     1 ||     1
Invok: Lunge             |     3 |     6 |    12 ||    21
       Whirlwind         |       |    17 |   136 ||   153
       Wall Jump         |       |       |     6 ||     6
       Serpent's Lash    |       |       |     2 ||     2
 Abil: Spit Poison       |     2 |     6 |     2 ||    10
  Use: Scroll            |       |    13 |     4 ||    17
       Potion            |       |     2 |     6 ||     8
 Stab: Held in net/web   |       |       |     3 ||     3
  Eat: Chunk             |     2 |     4 |    10 ||    16
Armor: Scale mail        |    52 |    75 |   102 ||   229
       Skin              |       |       |     4 ||     4
Dodge: Dodged            |    18 |    29 |    39 ||    86
Block: Shield            |    52 |    61 |   129 ||   242

Table legend:
 A = Spawn XP
 B = Non-spawn XP
 C = Spawn XP percentage of total XP
 D = Spawn monster count
 E = Non-spawn monster count
 F = Spawn count percentage of total count
 G = Total turns spent on level
                    A         B        C        D         E        F      G
               +---------+---------+-------+---------+---------+-------+---------
         Total |       0 |    3653 |   0.0 |       0 |     136 |   0.0 |  6389
               +---------+---------+-------+---------+---------+-------+---------
           D:1 |       0 |      14 |   0.0 |       0 |      10 |   0.0 |   695
           D:2 |       0 |      69 |   0.0 |       0 |      26 |   0.0 |  1093
           D:3 |       0 |     139 |   0.0 |       0 |      25 |   0.0 |   562
           D:4 |       0 |     750 |   0.0 |       0 |      24 |   0.0 |  1124
           D:5 |       0 |     255 |   0.0 |       0 |       9 |   0.0 |   737
           D:6 |       0 |     595 |   0.0 |       0 |      19 |   0.0 |  1129
           D:7 |       0 |    1831 |   0.0 |       0 |      23 |   0.0 |  1049
               +---------+---------+-------+---------+---------+-------+---------
